 Dungeon Crawl Stone Soup version 0.30-a0-365-ge7f957f1db (webtiles) character file.

Game seed: 8854534592728186949

303 LnG the Sneak (level 6, -4/34 HPs)
             Began as a Kobold Summoner on Nov 16, 2022.
             Killed by nerve-wracking pain
             ... invoked by an orc priest
              (12 damage)
             ... on level 4 of the Dungeon.
             The game lasted 00:06:35 (3407 turns).

LnG the Sneak (Kobold Summoner)                     Turns: 3407, Time: 00:06:39

Health: -4/34      AC:  6    Str:  6    XL:     6   Next: 65%
Magic:  7/10       EV: 16    Int: 18    God:
Gold:   101        SH:  0    Dex: 15    Spells: 2/11 levels left

rFire   + . .      SeeInvis .    v - +2 dagger (venom)
rCold   + . .      Faith    .    (no shield)
rNeg    . . .      Spirit   .    a - +0 robe
rPois   .          Reflect  .    p - +2 helmet
rElec   .          Harm     .    o - scarf {rC+ rF+}
rCorr   .          Rampage  .    i - +0 pair of gloves
Will    .....                    (no boots)
Stlth   ++++......               (no amulet)
HPRegen 0.25/turn                (no ring)
MPRegen 0.12/turn                (no ring)

@: no status effects
A: small, no large weapons, nightstalker 3
a: no special abilities


You were on level 4 of the Dungeon.
You visited 1 branch of the dungeon, and saw 4 of its levels.

You collected 101 gold pieces.

Inventory:

Hand Weapons
 l - a +0 vampiric dagger
 v - a +2 dagger of venom (weapon)
Armour
 a - a +0 robe (worn)
 i - a +0 pair of gloves (worn)
 m - a +1 helmet
 n - a +0 animal skin
 o - a scarf of resistance (worn)
 p - a +2 helmet (worn)
Wands
 x - a wand of polymorph (10)
 y - a wand of paralysis (3)
Scrolls
 c - 3 scrolls of magic mapping {unknown}
 d - 3 scrolls of identify {unknown}
 e - a scroll of silence {unknown}
 f - 2 scrolls of fear {unknown}
 g - a scroll of fog {unknown}
 h - 2 scrolls of vulnerability {unknown}
 s - a scroll of enchant weapon {unknown}
 t - a scroll of enchant armour {unknown}
 u - a scroll of teleportation {unknown}
Potions
 b - a potion of magic
 j - a potion of attraction {unknown}
 k - 2 potions of curing
 q - 3 potions of berserk rage {unknown}
 r - a potion of ambrosia {unknown}
 w - 2 potions of degeneration {unknown}
 z - a potion of might {unknown}


   Skills:
 + Level 1.0 Fighting
 + Level 2.3 Short Blades
 * Level 4.3 Dodging
 * Level 5.5 Stealth
 + Level 3.1 Spellcasting
 + Level 4.8 Summonings


You had 2 spell levels left.
You knew the following spells:

 Your Spells              Type           Power      Damage    Failure   Level
a - Summon Small Mammal   Summ           80%        N/A       2%          1
b - Call Imp              Summ           20%        N/A       3%          2
c - Call Canine Familiar  Summ           20%        N/A       7%          3
d - Summon Guardian Gole  Hex/Summ       11%        N/A       19%         3

Your spell library contained the following spells:

 Spells                   Type           Power      Damage    Failure   Level
 Hailstorm                Conj/Ice       2%         3d3       43%         3
 Summon Lightning Spire   Summ/Air       11%        N/A       52%         4
 Ice Form                 Ice/Tmut       2%         N/A       85%         4
 Simulacrum               Ice/Necr       1%         N/A       100%        6
 Orb of Destruction       Conj           1%         9d5       100%        7
 Spellforged Servitor     Conj/Summ      5%         N/A       100%        7


Dungeon Overview and Level Annotations

Branches:
Dungeon (4/15)
 Temple: D:4-7

Altars:
Uskayaw


Innate Abilities, Weirdness & Mutations

You are small and have problems with some larger weapons.
You are completely attuned to the shadows.


Message History

An orc comes into view. It is wielding a +1 dagger of venom.
Things that are here:
a +0 dagger of draining; a +0 robe; an orc corpse
Found an escape hatch in the floor.
An orc and an orc priest come into view.
The helpless orc fails to defend itself.
You impale the orc!!
You kill the orc!
Your life force feels restored.
The orc shouts!
The orc misses you.
The orc priest invokes the aid of Beogh against you.
Beogh smites you!
You see here a +0 falchion.
You barely miss the orc. The orc barely misses you.
The orc hits you but does no damage.
You are poisoned.
You hit the orc.
The orc is severely wounded.
You feel sick.
You hit the orc. You punch the orc.
You kill the orc!
You feel sick. The orc closely misses you.
You are too injured to fight recklessly!
Casting: Call Imp (safe; 3% risk of failure)
Confirm with . or Enter, or press ? or * to list all spells.
You feel sick.
The orc priest looks encouraged for a moment.
The orc hits you with a +0 flail.
You closely miss the orc priest.
You feel sick.
The orc priest hits you with a +0 hand axe.
* * * LOW HITPOINT WARNING * * *
The orc hits you but does no damage.
It was a potion of curing.
You feel better.
Your hound completely misses the orc priest.
The orc hits you with a +0 flail.
* * * LOW HITPOINT WARNING * * *
The orc priest mumbles some strange prayers to Beogh against you.
Pain shoots through your body!
You die...

.##.## ####### #
...... #.....# #
#.>.# #.....# ###
#.ho# #.....# #..
#.o@# #.....# #.#
###.#
##.....####.# #.#
#...........# #)#
#.##.....#†.#
#.####...#....#.#.
#.........#..#...#
####......###....#
##....###......
##..#..#....#.


You could see an orc priest (ally target), an orc and a friendly hound
(summoned).

Vanquished Creatures
  Blork the orc (D:4)
  A howler monkey (D:4)
  An iguana (D:4)
  An orc wizard (D:4)
  2 adders
  A worm (D:3)
  5 orcs (D:4)
  2 endoplasms
  A giant cockroach (D:2)
  3 hobgoblins
  3 quokkas
  3 ball pythons
  A bat (D:1)
  2 frilled lizards
  2 goblins (D:2)
  3 kobolds
  A rat (D:2)
33 creatures vanquished.

Vanquished Creatures (collateral kills)
  Terence (D:2)
  Robin (D:2)
  An adder (D:3)
  A worm (D:3)
  2 dart slugs (D:1)
  2 bats
  3 endoplasms (D:1)
  3 giant cockroaches
  8 goblins (D:2)
  5 hobgoblins
  3 jackals
  4 quokkas
  A ball python (D:1)
  2 frilled lizards
  4 rats (D:2)
41 creatures vanquished.

Grand Total: 74 creatures vanquished

Notes
Turn   | Place    | Note
-------+----------+-------------------------------------------
     0 | D:1      | LnG the Kobold Summoner began the quest for the Orb.
     0 | D:1      | Reached XP level 1. HP: 10/10 MP: 3/3
   274 | D:1      | Reached XP level 2. HP: 15/15 MP: 3/5
   307 | D:1      | Learned a level 2 spell: Call Imp
   431 | D:1      | Reached skill level 3 in Stealth
   744 | D:1      | Reached XP level 3. HP: 19/19 MP: 6/6
   748 | D:1      | Learned a level 3 spell: Call Canine Familiar
  1343 | D:2      | Noticed Robin
  1351 | D:2      | Killed Robin
  1356 | D:2      | Reached XP level 4. HP: 21/24 MP: 6/8
  1546 | D:2      | Noticed Terence
  1563 | D:2      | Killed Terence
  1771 | D:2      | Reached XP level 5. HP: 28/28 MP: 9/9
  1926 | D:2      | Found a faded altar of an unknown god.
  2616 | D:3      | Reached skill level 4 in Stealth
  2693 | D:3      | Reached skill level 1 in Short Blades
  2721 | D:3      | Found a hide-covered altar of Uskayaw.
  3170 | D:4      | Reached XP level 6. HP: 33/33 MP: 10/10
  3174 | D:4      | Learned a level 3 spell: Summon Guardian Golem
  3180 | D:4      | Noticed Blork the orc
  3185 | D:4      | Killed Blork the orc
  3186 | D:4      | Reached skill level 1 in Fighting
  3186 | D:4      | Reached skill level 5 in Stealth
  3407 | D:4      | Killed from afar by an orc priest

Illustrated notes

Levels and vault maps discovered:
D:1:      scummos_arrival_simple_crosswalls, layout_loops_ring,
          serial_bayou_lagoon_a
D:2:      wad_pebble_path, layout_basic, dreamdust_ecumenical_altar_statues,
          minivault_25, uniq_terence, uniq_robin
D:3:      minmay_wonky_spiral, layout_loops_ring,
          mainiacjoe_overflow_surrounded_room, wad_rectangle_vault
D:4:      kennysheep_slugbush, layout_loops_cross, minmay_misc_feat_chi,
          chequers_avenue, grunt_ministairs_6, st_stairs_5,
          grunt_decor_junction, wad_orctagon, uniq_blork_the_orc, uniq_edmund

Skill      XL: |  1  2  3  4  5  6 |
---------------+-------------------+-----
Stealth        | 3 4 5 |  5.5
Dodging        | 3 4 |  4.3
Spellcasting   | 3 |  3.1
Short Blades   | 1 2 |  2.3
Fighting       | 1 |  1.0
Summonings     | |  4.8

Action                   |  1- 3 |  4- 6 || total
-------------------------+-------+-------++-------
Melee: Unarmed           |    36 |       ||    36
       Dagger            |    18 |   112 ||   130
       Punch             |       |     4 ||     4
 Cast: Summon Small Mamm |    10 |       ||    10
       Call Imp          |     8 |     1 ||     9
       Call Canine Famil |     1 |     7 ||     8
  Use: Potion            |       |     1 ||     1
 Stab: Sleeping          |     2 |    17 ||    19
       Distracted        |       |     2 ||     2
Armor: Robe              |    27 |    34 ||    61
Dodge: Dodged            |    69 |    84 ||   153

Table legend: (Time is in decaauts)
 A = Elapsed time spent in this place.
 B = Non-inter-level travel time spent in this place.
 C = Inter-level travel time spent in this place.
 D = Time resting spent in this place.
 E = Time spent auto-exploring this place.
 F = Levels seen in this place.
 G = Mean time per level.
                   A        B        C        D        E       F      G
               +--------+--------+--------+--------+--------+-----+--------+
         Total |   3407 |   3261 |    146 |     37 |   2630 |   4 |  851.8 |
       Dungeon |   3407 |   3261 |    146 |     37 |   2630 |   4 |  851.8 |
               +--------+--------+--------+--------+--------+-----+--------+

Top non-repeatable levels by time:
     D:1: 1098 daAuts
     D:2: 1046 daAuts
     D:3: 960 daAuts
     D:4: 302 daAuts
